 Dungeon Crawl Stone Soup version 0.27-a0-1051-g288ea87c7c (webtiles) character file.

Game seed: 17360002210990842192

85 rageheart7 the Cutter (level 4, -1/27 HPs)
             Began as a Vampire Gladiator on Apr 21, 2021.
             Slain by a wight
             ... wielding a +0 short sword
              (6 damage)
             ... on level 2 of the Dungeon.
             The game lasted 00:01:50 (1465 turns).

rageheart7 the Cutter (Vampire Gladiator)           Turns: 1465, Time: 00:01:50

Health: -1/27      AC:  4    Str: 14    XL:     4   Next: 25%
Magic:  4/4        EV: 12    Int: 10    God:
Gold:   81         SH:  0    Dex: 15    Spells: 3/3 levels left

rFire    + . .     SeeInvis +   f - +0 whip (elec)
rCold    + + +     Faith    .   (no shield)
rNeg     + + +     Spirit   .   b - +0 leather armour
rPois    ∞         Reflect  .   c - +0 helmet
rElec    .         Harm     .   i - scarf {rC+ rF+}
rCorr    .         Rampage  .   (no gloves)
Will     .....                  (no boots)
Stlth    ++++......             (no amulet)
HPRegen  0.00/turn              (no ring)
MPRegen  0.09/turn              (no ring)

@: bloodless
A: bloodless, fangs 3, see invisible, unbreathing 1, vampiric 2
a: Bat Form, Revivify


You were on level 2 of the Dungeon.
You visited 1 branch of the dungeon, and saw 2 of its levels.

You collected 81 gold pieces.

Inventory:

Hand Weapons
 a - a +0 rapier
 f - a +0 whip of electrocution (weapon)
Missiles
 d - 3 throwing nets (quivered)
Armour
 b - a +0 leather armour (worn)
 c - a +0 helmet (worn)
 i - a scarf of resistance (worn)
Scrolls
 k - 2 scrolls of magic mapping {unknown}
Potions
 e - a potion of mutation {unknown}
 g - a potion of degeneration {unknown}
 h - a potion of haste {unknown}
 j - a potion of magic {unknown}


   Skills:
 * Level 2.9 Fighting
 * Level 4.3 Short Blades
 - Level 1.5 Throwing
 - Level 3.2 Dodging
 + Level 2.6 Stealth


You had 3 spell levels left.
You didn't know any spells.
Your spell library was empty.

Dungeon Overview and Level Annotations

Branches:
Dungeon (2/15)

Altars:

Shops:
D:1 **?


Innate Abilities, Weirdness & Mutations

You do not regenerate when monsters are visible.
You are frail without blood (-20% HP).
You can heal yourself when you bite living creatures.
You are immune to poison.
You have razor-sharp teeth.
You have supernaturally acute eyesight. (SInv)
You can survive without breathing.
You are afflicted with vampirism and can become a bat while bloodless.


Message History

You kill the goblin!
No target in view!
Things that are here:
a +0 dagger; a goblin corpse No target in view!
No target in view!
A wight comes into view.
It is wielding a +0 halberd and wearing a +1 robe of positive energy. 2 wights come into view.
Found a dagger.
There are monsters nearby!
A wight comes into view.
It is wielding a +4 battleaxe and wearing a +1 robe of fire resistance.
There are monsters nearby!
The wight misses you.
You barely miss the wight. The wight hits you with a +4 battleaxe.
You hit the wight but do no damage. Lightning courses through the wight!!
You destroy the wight!
The wight misses you.
You have reached level 4!
The wight closely misses you.
You hit the wight. Lightning courses through the wight! You bite the wight.
The wight is almost destroyed.
The wight closely misses you.
You barely miss the wight.
The wight is almost destroyed.
The wight hits you with a +0 halberd.
You barely miss the wight.
The wight is almost destroyed.
The wight closely misses you.
You hit the wight but do no damage. You bite the wight, but do no damage.
The wight is almost destroyed.
The wight hits you with a +0 halberd!
* * * LOW HITPOINT WARNING * * *
You hit the wight.
The wight is lightly damaged.
The wight closely misses you. The wight misses you.
Unknown command.
You hit the wight but do no damage.
The wight is lightly damaged.
The wight hits you with a +0 short sword.
You die...

#.......### #.##...#
......... #.##..##
#.....# .# #.##..#
#.....# #.#####.##..#
#.# #...........# #z#
##.#.######..#
#.####....######..#
#.#z##.............#
.)###z@.(...........#
#.##.#.##.....#######.#
#...........)..# #.#
##.###.........# #.#
#########.# #.# # #.#
#.# # #.# #.### #.#
#.##. #.# #.##.


You could see 2 wights.

Vanquished Creatures
  A wight (D:2)
  A worm (D:2)
  2 dart slugs (D:1)
  3 bats
  3 endoplasms (D:1)
  A giant cockroach (D:2)
  5 goblins
  5 hobgoblins
  3 jackals (D:2)
  A quokka (D:1)
  3 ball pythons
  3 frilled lizards (D:1)
  2 kobolds
  3 rats
36 creatures vanquished.

Vanquished Creatures (others)
  2 plants (D:1)
  4 toadstools (D:1)
6 creatures vanquished.

Grand Total: 42 creatures vanquished

Notes
Turn   | Place    | Note
-------+----------+-------------------------------------------
     0 | D:1      | rageheart7 the Vampire Gladiator began the quest for the
                  | Orb.
     0 | D:1      | Reached XP level 1. HP: 16/16 MP: 1/1
   251 | D:1      | Reached skill level 1 in Stealth
   251 | D:1      | Reached XP level 2. HP: 17/17 MP: 2/2
   258 | D:1      | Found Megudohi's Magic Scroll Shop.
   452 | D:1      | Found Ycecuo's General Store.
   478 | D:1      | Found Myepatulas's Assorted Antiques.
   851 | D:2      | Gained mutation: You are afflicted with vampirism and can
                  | become a bat while bloodless. [Vampire growth]
   851 | D:2      | Reached XP level 3. HP: 20/22 MP: 3/3
  1136 | D:2      | Reached skill level 4 in Short Blades
  1413 | D:2      | Found a faded altar of an unknown god.
  1455 | D:2      | Reached XP level 4. HP: 21/27 MP: 4/4
  1465 | D:2      | Slain by a wight

Illustrated notes

Levels and vault maps discovered:
D:1:      ldierk_walled_garden_2, layout_basic, serial_shops,
          nicolae_shop_behind_doors, shop, shop, serial_forest,
          infiniplex_forest_corner_1, infiniplex_forest_join,
          infiniplex_forest_clump_long, infiniplex_forest_clump_long
D:2:      layout_loops_ring, hellmonk_ecumenical_altar_blasted

Skill      XL: |  1  2  3 |
---------------+----------+-----
Fighting       | 2 |  2.9
Stealth        | 1 2 |  2.6
Short Blades   | 4 |  4.3
Throwing       | |  1.5
Dodging        | |  3.2

Action                   |  1- 3 |  4- 6 || total
-------------------------+-------+-------++-------
Melee: Rapier            |     9 |       ||     9
       Whip              |    75 |     6 ||    81
       Bite              |     4 |     2 ||     6
 Abil: Exsanguinate      |     1 |       ||     1
 Stab: Sleeping          |    10 |       ||    10
Armor: Leather armour    |    18 |       ||    18
Dodge: Dodged            |    42 |     5 ||    47

Table legend: (Time is in decaauts)
 A = Elapsed time spent in this place.
 B = Non-inter-level travel time spent in this place.
 C = Inter-level travel time spent in this place.
 D = Time resting spent in this place.
 E = Time spent auto-exploring this place.
 F = Levels seen in this place.
 G = Mean time per level.
                   A        B        C        D        E       F      G
               +--------+--------+--------+--------+--------+-----+--------+
         Total |   1475 |   1438 |     37 |      0 |   1177 |   2 |  737.5 |
       Dungeon |   1475 |   1438 |     37 |      0 |   1177 |   2 |  737.5 |
               +--------+--------+--------+--------+--------+-----+--------+

Top non-repeatable levels by time:
     D:1: 845 daAuts
     D:2: 630 daAuts
